AoeStats
← FIREFOXking_G

Black Forest

507723397Analyzed
4v4 RM · 14d ago on Sep 19, 2026· 41m 11s· 8 players
Game mode
Random Map
Map size
Large (8 player)
Population
200
Speed
Normal
Resources
Standard
Victory
Conquest
Starting age
Dark Age
Ending age
Imperial Age
RankedLock teamsTeams togetherTeam positionsShared explorationLock speedFull tech treeHidden civsTurbo modeCheats
Victory
Defeat
🇬🇧 Cumans · United Kingdom
1173
+14
🇬🇧 Bulgarians · United Kingdom
1173
+14
🇬🇧 Khmer · United Kingdom
1169
+14
🇳🇱 Turks · Netherlands
1091
+16
🇯🇵 Bohemians · Japan
1183
-17
🇯🇵 Khmer · Japan
1166
-16
🇨🇳 Turks · China
1140
-15
🇬🇧 Vietnamese · United Kingdom
1008
-10
LeightonDunk11
0:36 Loom
10:54 Feudal Age
11:43 Double-Bit Axe
14:43 Horse Collar
16:08 Arson
20:18 Forging
21:53 Fletching
22:35 Scale Mail Armor
23:31 Wheelbarrow
30:27 Castle Age
32:02 Iron Casting
31:44 Chain Mail Armor
31:49 Bodkin Arrow
33:39 Squires
33:24 Gambesons
38:39 Imperial Age
36:23 Pikeman
38:38 Scale Barding Armor
38:40 Heavy Plow
38:47 Halberdier
40:35 Blast Furnace
40:08 Plate Mail Armor
40:00 Chain Barding Armor
41:03 Bloodlines
iGSOjDaJuiceMan
7:09 Loom
11:57 Feudal Age
14:38 Castle Age
14:04 Double-Bit Axe
19:02 Bow Saw
25:24 Wheelbarrow
26:43 Horse Collar
29:38 Scale Barding Armor
30:45 Chain Barding Armor
34:38 Imperial Age
34:44 Elite Ballista Elephant
36:17 Plate Barding Armor
37:01 Double Crossbow
37:08 Light Cavalry
37:51 Husbandry
38:01 Bloodlines
40:13 Chemistry
39:02 Hussar
41:07 Siege Engineers
EqualGoat795961
2:51 Loom
11:49 Feudal Age
13:05 Double-Bit Axe
13:43 Horse Collar
16:36 Wheelbarrow
15:47 Town Watch
20:51 Castle Age
21:45 Bow Saw
21:40 Heavy Plow
22:56 Caravan
25:00 Town Patrol
25:41 Bloodlines
27:48 Forging
27:44 Scale Barding Armor
28:56 Hand Cart
29:37 Gold Mining
29:38 Stone Mining
30:55 Iron Casting
36:13 Imperial Age
34:29 Chain Barding Armor
36:44 Steppe Husbandry
39:44 Cavalier
39:45 Elite Steppe Lancer
FIREFOXking_G
0:26 Loom
12:36 Feudal Age
18:35 Castle Age
16:45 Double-Bit Axe
17:10 Horse Collar
19:32 Heavy Plow
21:04 Fletching
25:59 Wheelbarrow
25:17 Town Watch
26:07 Fortified Wall
31:03 Hand Cart
32:49 Bow Saw
37:16 Gold Mining
37:55 Ballistics
Agni Basquiat
2:04 Loom
12:10 Feudal Age
12:52 Double-Bit Axe
12:57 Horse Collar
17:32 Castle Age
18:22 Bow Saw
18:36 Heavy Plow
19:59 Stone Mining
23:26 Gold Mining
26:36 Wheelbarrow
28:25 Forging
29:05 Hand Cart
29:03 Husbandry
30:01 Scale Barding Armor
30:37 Bloodlines
34:23 Imperial Age
33:20 Iron Casting
34:27 Chain Barding Armor
34:31 Elite Battle Elephant
36:07 Gold Shaft Mining
35:57 Ballistics
37:31 Blast Furnace
38:21 Stone Shaft Mining
38:28 Conscription
38:03 Heavy Scorpion
39:49 Chemistry
38:57 Siege Engineers
Jay_Eats
10:53 Feudal Age
18:58 Man-at-Arms
30:46 Castle Age
29:14 Horse Collar
30:28 Double-Bit Axe
32:43 Wheelbarrow
31:54 Loom
38:20 Heavy Plow
39:35 Fletching
39:57 Forging
alien
10:56 Feudal Age
14:48 Castle Age
13:46 Double-Bit Axe
17:38 Chemistry
20:37 Horse Collar
23:12 Pikeman
32:39 Wheelbarrow
34:17 Hand Cart
37:26 Forging
37:18 Scale Mail Armor
43:15 Imperial Age
41:11 Chain Mail Armor
41:31 Iron Casting
屋顶上的轻骑兵
0:39 Loom
13:10 Feudal Age
14:54 Double-Bit Axe
19:31 Castle Age
18:08 Stone Mining
18:01 Horse Collar
28:09 Padded Archer Armor
28:00 Fletching
29:13 Gold Mining
29:12 Fishing Lines
30:32 Heavy Plow
32:38 Gillnets
36:43 Imperial Age
35:51 Wheelbarrow
35:56 Fortified Wall
35:44 Murder Holes
36:46 Bodkin Arrow
37:36 Gold Shaft Mining
38:56 Bow Saw
39:09 Hand Cart
39:33 Leather Archer Armor
Connection lost

Rejoining the realm…

Still unreachable

The connection could not be restored.

Session expired

The server has moved on; the page needs a fresh start.